 Dungeon Crawl Stone Soup version 0.21.1-1-g345015f (webtiles) character file.

79 inc the Conjurer (level 4, 18/18 HPs)
             Began as a Felid Air Elementalist on Mar 1, 2018.
             Quit the game on level 4 of the Dungeon.
             The game lasted 00:10:06 (2904 turns).

inc the Conjurer (Felid Air Elementalist)           Turns: 2904, Time: 00:10:07

Health: 18/18      AC:  1    Str: 10    XL:     4   Next: 16%
Magic:  8/8        EV: 18    Int: 18    God:
Gold:   196        SH:  0    Dex: 16    Spells: 6/7 levels left
                                        Lives:  0   Deaths: 1

rFire    . . .     SeeInvis +   (weapon unavailable)
rCold    . . .     Gourm    .   (shield unavailable)
rNeg     . . .     Faith    .   (armour unavailable)
rPois    .         Spirit   .   (helmet unavailable)
rElec    .         Reflect  .   (cloak unavailable)
rCorr    .         Harm     .   (gloves unavailable)
MR       .....                  (boots unavailable)
Stlth    +++.......             (no amulet)
HPRegen  0.06/turn              l - +6 ring of strength (curse)
MPRegen  0.11/turn              (no ring)

@: quick
A: very small, no armour, no weapons or thrown items, stealth, claws 1, fangs 3,
see invisible, carnivore, speed 1, shaggy fur 1, slow metabolism 1, sharp paws
a: no special abilities


You were on level 4 of the Dungeon.
You were not hungry.

You visited 1 branch of the dungeon, and saw 4 of its levels.

You collected 196 gold pieces.

Inventory:

Jewellery
 l - a cursed +6 ring of strength (left paw)
 n - an uncursed ring of protection from magic {unknown}
Scrolls
 f - 3 scrolls of identify {unknown}
 g - 2 scrolls of enchant armour {unknown}
 h - a scroll of enchant weapon {unknown}
 i - 2 scrolls of magic mapping {unknown}
 k - 2 scrolls of blinking {unknown}
 q - a scroll of teleportation {unknown}
Potions
 c - a potion of lignification {unknown}
 d - a potion of berserk rage {unknown}
 e - a potion of heal wounds {unknown}
 j - a potion of might {unknown}
 m - a potion of agility {unknown}
 o - 2 potions of brilliance {unknown}
 p - a potion of degeneration {unknown}
 r - 2 potions of flight {unknown}
Books
 a - a book of Air

   Spells                             Type                      Level
   a - Shock                          Conjuration/Air              1
   b - Swiftness                      Charms/Air                   2
   c - Static Discharge               Conjuration/Air              3
   d - Airstrike                      Air                          4
   e - Lightning Bolt                 Conjuration/Air              5
Comestibles
 b - 3 rations


   Skills:
 - Level 2.6 Dodging
 - Level 2.6 Stealth
 - Level 2.0 Spellcasting
 + Level 3.9 Conjurations
 + Level 3.6 Air Magic


You had 6 spell levels left.
You knew the following spells:

 Your Spells              Type           Power        Failure   Level  Hunger
a - Shock                 Conj/Air       ###.         3%          1    #......


Dungeon Overview and Level Annotations

Branches:
Dungeon (4/15)
 Temple: D:4-7

Altars:
Dithmenos
Trog

Annotations:
D:2 Sigmund


Innate Abilities, Weirdness & Mutations

You cannot wear armour.
You are incapable of wielding weapons or throwing items.
Your paws allow you to move quietly. (Stealth)
You have sharp claws.
You have razor-sharp teeth.
You have supernaturally acute eyesight. (SInv)
You are carnivorous and can eat meat at any time.
You cover ground quickly.
You are covered in fur. (AC +1)
You have a slow metabolism.
Your sharp claws are effective at attacking unaware monsters.


Message History

Press: ? - help, Shift-Dir - straight line, f/p - gnoll
Aim: a gnoll, wielding an enchanted halberd (almost dead)
The zap hits the gnoll.
You kill the gnoll!
The gnoll zaps a wand.
You are blasted!
It is a wand of disintegration (10).
You start resting.
A gnoll is nearby!
Casting: Shock
Confirm with . or Enter, or press ? or * to list all spells.
Aiming: Shock
Press: ? - help, Shift-Dir - straight line, f - gnoll
Aim: a gnoll, wielding a flail and carrying a wand of disintegration (10)
Okay, then.
The gnoll zaps a wand.
You are blasted!
The gnoll zaps a wand.
You are blasted!
Ouch! That really hurt!
You die...
You are now level 4!
You rejoin the land of the living...
Are you sure you want to abandon this character and quit the game? (Confirm with "yes".)

#....# #[.......>...####
##.#### #.............>..
#†.# #..............### #.##
#...######......## ##.# ..##
#......# #..## ..# #......##
##.##...####### #.......##
#..# #.......# #.......<#
#g## #.....@.######.#.##.#
#w# #...........<.........
#....##.......##.#####.####.
#....##.......## # .#
#....).###.##.. #
........g.. .## ...w..####.
.. ......# ## .# .......#


There were no monsters in sight!

Vanquished Creatures
  A hound (D:3)
  A worker ant (D:4)
  5 adders
  2 gnolls (D:4)
  A worm (D:2)
  A leopard gecko (D:1)
  4 orcs (D:3)
  A ball python (D:3)
  2 goblins
  3 hobgoblins
  2 quokkas
  2 bats (D:1)
  14 frilled lizards
  2 kobolds
  7 rats
48 creatures vanquished.

Notes
Turn   | Place    | Note
-------+----------+-------------------------------------------
     0 | D:1      | inc the Felid Air Elementalist began the quest for the Orb.
     0 | D:1      | Reached XP level 1. HP: 7/7 MP: 4/4
    37 | D:1      | Reached skill level 1 in Conjurations
   456 | D:1      | Reached XP level 2. HP: 11/11 MP: 1/6
  1156 | D:2      | Reached XP level 3. HP: 14/14 MP: 0/7
  1241 | D:2      | Found a bloodstained altar of Trog.
  1386 | D:2      | Noticed Sigmund
  1398 | D:2      | Found a shadowy altar of Dithmenos.
  1783 | D:3      | Reached XP level 4. HP: 18/18 MP: 0/8
  2543 | D:4      | Reached XP level 5. HP: 11/21 MP: 0/9
  2903 | D:4      | Blown up by a gnoll
  2904 | D:4      | Reached XP level 4. HP: -3/18 MP: 4/8
  2904 | D:4      | Quit the game

Skill      XL: |  1  2  3 |
---------------+----------+-----
Conjurations   | 1 2 3 |  3.9
Air Magic      | 3 |  3.6
Dodging        | |  2.6
Stealth        | |  2.6
Spellcasting   | |  2.0

Action                   |  1- 3 |  4- 6 || total
-------------------------+-------+-------++-------
Melee: Unarmed           |     7 |     7 ||    14
       Bite              |       |     2 ||     2
 Cast: Shock             |    79 |    48 ||   127
  Eat: Chunk             |     5 |     7 ||    12
Armor: Skin              |       |     2 ||     2
Dodge: Dodged            |    14 |    35 ||    49
